 Dungeon Crawl Stone Soup version 0.25-a0-41-g6cf4ce537d (webtiles) character file.

Game seed: 1557518745292939584, levelgen mode: deterministic

170 Arixos the Skirmisher (level 5, -3/42 HPs)
             Began as a Demonspawn Monk on Oct 20, 2019.
             Killed from afar by Sigmund (11 damage)
             ... with a puff of flame
             ... on level 3 of the Dungeon on Oct 21, 2019.
             The game lasted 00:10:08 (5054 turns).

Arixos the Skirmisher (Demonspawn Monk)             Turns: 5054, Time: 00:10:09

Health: -3/42      AC:  4    Str: 13    XL:     5   Next: 26%
Magic:  5/5        EV: 13    Int: 11    God:
Gold:   81         SH:  0    Dex: 15    Spells: 4/4 levels left

rFire    . . .     SeeInvis .   l - -1 spear (curse)
rCold    . . .     Gourm    .   (no shield)
rNeg     . . .     Faith    .   f - +1 leather armour
rPois    .         Spirit   .   (no helmet)
rElec    .         Reflect  .   (no cloak)
rCorr    .         Harm     .   (no gloves)
MR       .....                  (no boots)
Stlth    ++........             (no amulet)
HPRegen  0.14/turn              k - ring of flight
MPRegen  0.09/turn              (no ring)

@: no status effects
A: talons 1, rot immunity
a: Evoke Flight


You were on level 3 of the Dungeon.
You were not hungry.

You visited 1 branch of the dungeon, and saw 3 of its levels.

You collected 81 gold pieces.

Inventory:

Hand Weapons
 l - a cursed -1 spear (weapon)
Missiles
 i - 9 poisoned darts (quivered)
Armour
 f - a +1 leather armour (worn)
Jewellery
 k - a ring of flight (left hand)
Scrolls
 d - a scroll of teleportation
Potions
 c - a potion of lignification
 g - a potion of cancellation {unknown}
 j - a potion of degeneration {unknown}
Comestibles
 a - 3 chunks of flesh
 b - 3 rations


   Skills:
 + Level 4.1 Fighting
 + Level 2.5 Armour
 + Level 3.8 Dodging
 - Level 1.7 Stealth
 * Level 2.7 Unarmed Combat


You had 4 spell levels left.
You didn't know any spells.
Your spell library was empty.

Dungeon Overview and Level Annotations

Branches:
Dungeon (3/15)

Altars:

Annotations:
D:3 Ijyb, Sigmund


Innate Abilities, Weirdness & Mutations

You have sharp toenails.
You are immune to rotting.


Message History

Sigmund gestures at you while chanting.
You are confused.
Sigmund points at you and mumbles some strange words.
The puff of flame hits you but does no damage.
Sigmund hits you from afar with a +0 scythe!
* * * LOW HITPOINT WARNING * * *
You see here a quokka corpse.
Sigmund barely misses you.
You see here a trident.
You're too confused to move!
Sigmund misses you.
You feel less confused.
You see here a quokka corpse.
There is an open door here.
You close the door.
There is an open door here.
You close the door.
Sigmund opens the door.
Sigmund points at you and mumbles some strange words.
The puff of flame hits you!
You die...

######## .......# .......#
.......##### ....)..#...# #.
.....@.#...# #. #######
.###...#...#########.#.o......#.
#..†.+..@'....@...............
#....#...#########............
#....#...##########...........
#..>...@.......÷...............
#.#.#################.......###
..#. #.................# ? #.
#.................#
#......#...#......#
#......'....(.....#


You could see Sigmund and an orc (wandering).

Vanquished Creatures
  An orc priest (D:2)
  An orc wizard (D:3)
  2 adders
  An ooze (D:1)
  5 worms (D:2)
  A dart slug (D:1)
  3 leopard geckos
  3 orcs
  5 bats
  3 giant cockroaches
  7 goblins
  6 hobgoblins
  4 jackals (D:3)
  4 quokkas
  10 frilled lizards
  7 kobolds
  9 rats
72 creatures vanquished.

Notes
Turn   | Place    | Note
-------+----------+-------------------------------------------
     0 | D:1      | Arixos the Demonspawn Monk began the quest for the Orb.
     0 | D:1      | Reached XP level 1. HP: 18/18 MP: 1/1
   350 | D:1      | Gained mutation: You are immune to rotting. [demonic
                  | ancestry]
   350 | D:1      | Reached XP level 2. HP: 19/24 MP: 2/2
   658 | D:1      | Reached skill level 1 in Armour
   885 | D:1      | Reached XP level 3. HP: 22/29 MP: 3/3
  2379 | D:2      | Reached XP level 4. HP: 31/37 MP: 4/4
  3562 | D:2      | Reached skill level 4 in Fighting
  3752 | D:3      | Noticed Ijyb
  3754 | D:3      | Upgraded the game from 0.25-a0-36-g303dd5b1f4 to
                  | 0.25-a0-41-g6cf4ce537d
  4758 | D:3      | Gained mutation: You have sharp toenails. [demonic
                  | ancestry]
  4758 | D:3      | Reached XP level 5. HP: 26/42 MP: 5/5
  5017 | D:3      | Noticed Sigmund
  5054 | D:3      | Killed from afar by Sigmund

Levels and vault maps discovered:
D:1:      ebering_hopf_link, layout_loops_corners, minmay_lizard_king
D:2:      layout_basic
D:3:      minmay_diamond_boxcup, layout_basic, uniq_sigmund, uniq_ijyb

Skill      XL: |  1  2  3  4 |
---------------+-------------+-----
Armour         | 1 2 |  2.5
Dodging        | 3 |  3.8
Fighting       | 4 |  4.1
Stealth        | |  1.7
Unarmed Combat | |  2.7

Action                   |  1- 3 |  4- 6 || total
-------------------------+-------+-------++-------
Melee: Unarmed           |   207 |   147 ||   354
       Punch             |     1 |     3 ||     4
       Spear             |       |    60 ||    60
       Kick              |       |     5 ||     5
  Use: Scroll            |       |     4 ||     4
 Stab: Sleeping          |     2 |     2 ||     4
  Eat: Chunk             |     5 |     5 ||    10
       Ration            |       |     1 ||     1
Armor: Robe              |    10 |       ||    10
       Leather armour    |     9 |    55 ||    64
Dodge: Dodged            |   105 |   134 ||   239

Table legend:
 A = Non-vault XP
 B = Vault XP
 C = Vault XP percentage of total XP
 D = Non-vault monster count
 E = Vault monster count
 F = Vault count percentage of total count
                 A         B        C        D         E       F
            +---------+---------+-------+---------+---------+-------
      Total |     234 |      10 |   4.1 |      64 |       8 |  11.1
            +---------+---------+-------+---------+---------+-------
        D:1 |      40 |      10 |  20.0 |      20 |       8 |  28.6
        D:2 |     106 |       0 |   0.0 |      24 |       0 |   0.0
        D:3 |      88 |       0 |   0.0 |      20 |       0 |   0.0
            +---------+---------+-------+---------+---------+-------
